 Dungeon Crawl Stone Soup version 0.24.0-125-gc4c63601f3 (webtiles) character file.

Game seed: 1583376018921590425, levelgen mode: deterministic

42 H0rd4k the Charlatan (level 3, -1/26 HPs)
             Began as a Human Artificer on Feb 20, 2020.
             Slain by a worm (11 damage)
             ... on level 2 of the Dungeon.
             The game lasted 00:01:36 (1581 turns).

H0rd4k the Charlatan (Human Artificer)              Turns: 1581, Time: 00:01:37

Health: -1/26      AC:  4    Str: 13    XL:     3   Next: 80%
Magic:  5/5        EV: 12    Int: 11    God:
Gold:   112        SH:  0    Dex: 13    Spells: 2/2 levels left

rFire    . . .     SeeInvis .   a - +0 short sword
rCold    . . .     Gourm    .   (no shield)
rNeg     . . .     Faith    .   b - +0 leather armour
rPois    .         Spirit   .   m - +0 helmet
rElec    .         Reflect  .   (no cloak)
rCorr    .         Harm     .   (no gloves)
MR       .....                  (no boots)
Stlth    +.........             (no amulet)
HPRegen  0.08/turn              (no ring)
MPRegen  0.09/turn              (no ring)

@: no status effects
A: no striking features
a: no special abilities


You were on level 2 of the Dungeon.
You were not hungry.

You visited 1 branch of the dungeon, and saw 2 of its levels.

You collected 112 gold pieces.

Inventory:

Hand Weapons
 a - a +0 short sword (weapon)
Missiles
 j - 26 poisoned darts (quivered)
Armour
 b - a +0 leather armour (worn)
 k - a +1 plate armour of magic resistance
 m - a +0 helmet (worn)
Jewellery
 n - an uncursed ring of protection from fire
Wands
 c - a wand of flame (13)
 d - a wand of enslavement (13)
 e - a wand of random effects (15)
Scrolls
 i - 3 scrolls of identify {unknown}
 l - a scroll of remove curse {unknown}
 o - 2 scrolls of enchant weapon {unknown}
 q - a scroll of fear {unknown}
 r - a scroll of magic mapping {unknown}
 s - 3 scrolls of teleportation {unknown}
 t - a scroll of enchant armour {unknown}
 u - 2 scrolls of fog {unknown}
Potions
 g - 2 potions of mutation {unknown}
 h - a potion of magic {unknown}
 p - a potion of curing {unknown}
Comestibles
 f - 2 rations
 v - 3 chunks of flesh


   Skills:
 + Level 1.5 Fighting
 + Level 1.3 Short Blades
 + Level 0.7 Armour
 + Level 2.4 Dodging
 + Level 1.2 Stealth
 + Level 3.6 Evocations


You had 2 spell levels left.
You didn't know any spells.
Your spell library was empty.

Dungeon Overview and Level Annotations

Branches:
Dungeon (2/15)

Altars:
Yredelemnul


Message History

The worm barely misses you.
You hit the worm.
The worm is heavily wounded.
You barely miss the worm.
The worm is heavily wounded.
The worm closely misses you.
You hit the worm but do no damage.
The worm is moderately wounded.
The worm bites you!
You hit the worm.
The worm is heavily wounded.
You hit the worm.
The worm is almost dead.
The worm bites you.
You hit the worm but do no damage.
The worm is almost dead.
You barely miss the worm.
The worm is almost dead.
The worm bites you!
You die...

#. ## ######## #.#
.## ..#....#
#.####.[# ..#....#
#.#.....# ..#....#
#.#.PwP.# .......#
#.#.@_..# .......#
####.#.P.P.#
....†..#
#..........#
....####
#.........##
....#### #.........#
.......# #.........#
....##.###.........#
.........(..>......#
...#####.#.÷.......#


You could see a worm.

Vanquished Creatures
  A worm (D:2)
  A ball python (D:2)
  2 giant cockroaches (D:1)
  5 goblins
  8 hobgoblins
  A jackal (D:1)
  5 kobolds
  2 frilled lizards
  4 rats (D:1)
29 creatures vanquished.

Vanquished Creatures (collateral kills)
  An ooze (D:2)
  A worm (D:2)
  A ball python (D:2)
  A quokka (D:2)
  A kobold (D:2)
5 creatures vanquished.

Vanquished Creatures (others)
  2 adders (D:2)
2 creatures vanquished.

Grand Total: 36 creatures vanquished

Notes
Turn   | Place    | Note
-------+----------+-------------------------------------------
     0 | D:1      | H0rd4k the Human Artificer began the quest for the Orb.
     0 | D:1      | Reached XP level 1. HP: 15/15 MP: 3/3
    64 | D:1      | Reached XP level 2. HP: 15/21 MP: 4/4
   287 | D:1      | Reached XP level 3. HP: 17/26 MP: 5/5
  1526 | D:2      | Found a basalt altar of Yredelemnul.
  1581 | D:2      | Slain by a worm

Levels and vault maps discovered:
D:1:      lemuel_arrival_tunnels, layout_loops_ring, minmay_split_cup_small
D:2:      layout_basic, yredelemnul_altar_generic

Action                   || total
-------------------------++-------
Melee: Short sword       ||   108
Evoke: Wand              ||     4
 Stab: Sleeping          ||     2
  Eat: Chunk             ||     2
Armor: Leather armour    ||    18
Dodge: Dodged            ||    57
